 Dungeon Crawl Stone Soup version 0.21.1-1-g345015f (webtiles) character file.

104 VLARC the Skirmisher (level 4, -2/49 HPs)
             Began as an Ogre Wizard on Mar 21, 2018.
             Killed from afar by an orc wizard (8 damage)
             ... with a magic dart
             ... on level 3 of the Dungeon.
             The game lasted 00:05:21 (3528 turns).

VLARC the Skirmisher (Ogre Wizard)                  Turns: 3528, Time: 00:05:22

Health: -2/49      AC:  3    Str: 11    XL:     4   Next: 80%
Magic:  2/9        EV: 15    Int: 20    God:
Gold:   106        SH:  0    Dex: 12    Spells: 9/10 levels left

rFire    . . .     SeeInvis .   f - +0 mace
rCold    . . .     Gourm    .   (no shield)
rNeg     . . .     Faith    .   g - +0 robe {MR+}
rPois    .         Spirit   .   b - +0 hat
rElec    .         Reflect  .   (no cloak)
rCorr    .         Harm     .   (gloves unavailable)
MR       +....                  (boots unavailable)
Stlth    +++.......             (no amulet)
HPRegen  0.16/turn              (no ring)
MPRegen  0.11/turn              (no ring)

@: agile, very slightly contaminated, hasted, very quick
A: large, unfitting armour, tough skin 1
a: no special abilities


You were on level 3 of the Dungeon.
You were not hungry.

You visited 1 branch of the dungeon, and saw 3 of its levels.

You collected 106 gold pieces.

Inventory:

Hand Weapons
 f - a +0 mace (weapon)
Missiles
 o - 3 large rocks (quivered)
Armour
 b - a +0 hat (worn)
 g - a +0 robe of magic resistance (worn)
Jewellery
 j - an uncursed ring of positive energy {unknown}
 q - a +3 ring of protection {unknown}
Scrolls
 l - a scroll of immolation {unknown}
 m - a scroll of teleportation {unknown}
 n - 4 scrolls of identify {unknown}
 r - 2 scrolls of amnesia {unknown}
 s - a scroll of remove curse {unknown}
Potions
 e - 3 potions of curing {unknown}
 i - a potion of degeneration {unknown}
 k - a potion of cancellation {unknown}
Books
 c - a book of Minor Magic

   Spells                             Type                      Level
   a - Magic Dart                     Conjuration                  1
   b - Blink                          Translocation                2
   c - Call Imp                       Summoning                    2
   d - Slow                           Hexes                        2
   e - Conjure Flame                  Conjuration/Fire             3
   f - Mephitic Cloud                 Conjuration/Poison/Air       3
Comestibles
 d - 5 rations


   Skills:
 + Level 4.8 Fighting
 + Level 1.6 Maces & Flails
 - Level 1.7 Dodging
 - Level 1.4 Stealth
 - Level 3.6 Spellcasting
 - Level 0.8 Conjurations
   Level 0.8 Summonings
   Level 0.8 Translocations


You had 9 spell levels left.
You knew the following spells:

 Your Spells              Type           Power        Failure   Level  Hunger
a - Magic Dart            Conj           #...         10%         1    None


Dungeon Overview and Level Annotations

Branches:
Dungeon (3/15)

Altars:
Makhleb

Annotations:
D:3 MordorOrchid's ghost, amateur FoEE


Innate Abilities, Weirdness & Mutations

You are too large for most types of armour.
You have tough skin. (AC +1)


Message History

The magic dart hits you! The orc wizard closely misses you.
The orc hits you with a mace.
* * * LOW HITPOINT WARNING * * *
Okay, then.
It was a potion of agility.
You feel agile all of a sudden.
The orc wizard hits you but does no damage.
The orc barely misses you.
The orc wizard points at you and mumbles some strange words.
The magic dart hits you!
* * * LOW HITPOINT WARNING * * *
You closely miss the orc wizard. The orc wizard casts a spell at you.
The magic dart hits you!
* * * LOW HITPOINT WARNING * * *
The orc closely misses you. The orc wizard misses you.
It was a potion of haste.
You feel yourself speed up.
The orc wizard gestures at you while chanting.
The magic dart hits you!
You die...

# # # # #########
))......############
#######........o@o.#
############.# #.#
####.# #....# #.####
#.# #.# #.#


You could see an orc wizard and an orc.

Vanquished Creatures
  2 adders
  2 oozes
  A worm (D:2)
  3 dart slugs
  A leopard gecko (D:2)
  4 orcs (D:3)
  A ball python (D:2)
  4 giant cockroaches (D:2)
  5 goblins
  9 hobgoblins
  6 jackals
  5 kobolds
  7 bats
  6 frilled lizards
  3 rats
59 creatures vanquished.

Notes
Turn   | Place    | Note
-------+----------+-------------------------------------------
     0 | D:1      | VLARC the Ogre Wizard began the quest for the Orb.
     0 | D:1      | Reached XP level 1. HP: 16/16 MP: 5/5
    90 | D:1      | Reached skill level 1 in Fighting
   236 | D:1      | Reached skill level 2 in Fighting
   245 | D:1      | Reached XP level 2. HP: 28/28 MP: 0/6
   609 | D:1      | Reached skill level 3 in Fighting
  1490 | D:2      | Reached XP level 3. HP: 37/37 MP: 6/8
  1951 | D:2      | Reached skill level 4 in Fighting
  2287 | D:2      | Reached skill level 1 in Maces & Flails
  2287 | D:2      | Reached XP level 4. HP: 42/48 MP: 0/9
  2353 | D:2      | Found a burning altar of Makhleb.
  3349 | D:3      | Noticed MordorOrchid's ghost (amateur FoEE)
  3528 | D:3      | Killed from afar by an orc wizard

Skill      XL: |  1  2  3 |
---------------+----------+-----
Fighting       | 2 3 4 |  4.8
Maces & Flails | 1 |  1.6
Dodging        | |  1.7
Stealth        | |  1.4
Spellcasting   | |  3.6
Conjurations   | |  0.8
Summonings     | |  0.8
Translocations | |  0.8

Action                   |  1- 3 |  4- 6 || total
-------------------------+-------+-------++-------
Melee: Unarmed           |     3 |       ||     3
       Mace              |    53 |    57 ||   110
Throw: Large rock        |     3 |       ||     3
 Cast: Magic Dart        |    94 |    63 ||   157
  Use: Potion            |       |     2 ||     2
 Stab: Sleeping          |     1 |       ||     1
  Eat: Chunk             |     4 |     4 ||     8
Armor: Robe              |    33 |    22 ||    55
Dodge: Dodged            |    54 |    74 ||   128
